 Dungeon Crawl Stone Soup version 0.28-a0-595-g9f6c0e134a (webtiles) character file.

Game seed: 14548853276798661353

1024 lunkers the Ruffian (level 8, -1/79 HPs)
             Began as a Troll Cinder Acolyte on Oct 4, 2021.
             Was a High Priest of Ignis.
             Succumbed to a hornet's poison
             ... while paralysed by a hornet
             ... on level 5 of the Dungeon.
             The game lasted 00:07:28 (3589 turns).

lunkers the Ruffian (Troll Cinder Acolyte)          Turns: 3589, Time: 00:07:28

Health: -1/79      AC:  5    Str: 23    XL:     8   Next: 2%
Magic:  8/8        EV:  1    Int: 10    God:    Ignis [*****.]
Gold:   322        SH:  0    Dex:  7    Spells: 9/9 levels left

rFire   + . .      SeeInvis .     - Unarmed
rCold   . . .      Faith    .   m - +0 kite shield
rNeg    . . .      Spirit   .   a - +0 robe
rPois   .          Reflect  .   (helmet restricted)
rElec   .          Harm     .   u - +0 cloak {rCorr}
rCorr   +          Rampage  .   (gloves unavailable)
Will    .....                   (boots unavailable)
Stlth   +.........              (no amulet)
HPRegen 1.23/turn               (no ring)
MPRegen 0.11/turn               (no ring)

@: paralysed, lethally poisoned (-1 -> -13), slowed
A: large, unfitting armour, claws 3, regeneration 1, shaggy fur 1, tough skin 1
a: Renounce Religion, Sea of Fire, Foxfire Swarm, Rising Flame


You were on level 5 of the Dungeon.
You worshipped Ignis.
Ignis was extremely pleased with you.
You visited 1 branch of the dungeon, and saw 5 of its levels.

You collected 322 gold pieces.

Inventory:

Armour
 a - a +0 robe (worn)
 m - a +0 kite shield (worn)
 u - a +0 cloak of preservation (worn)
Jewellery
 r - a ring of wizardry
 s - a +6 ring of intelligence
Wands
 q - a wand of charming (11)
Scrolls
 f - a scroll of immolation {unknown}
 i - 2 scrolls of blinking {unknown}
 k - a scroll of fog {unknown}
 n - 5 scrolls of enchant weapon {unknown}
 p - a scroll of fear {unknown}
 v - a scroll of magic mapping {unknown}
Potions
 b - 2 potions of curing {unknown}
 c - a potion of berserk rage {unknown}
 d - 3 potions of haste {unknown}
 e - a potion of brilliance {unknown}
 g - a potion of degeneration {unknown}
 h - a potion of resistance {unknown}
 j - a potion of magic {unknown}
 l - a potion of attraction {unknown}
 o - a potion of cancellation {unknown}
 t - a potion of invisibility {unknown}


   Skills:
 + Level 4.6 Fighting
 + Level 3.3 Shields
 * Level 7.4 Unarmed Combat
 - Level 1.0 Spellcasting
 - Level 2.1 Fire Magic


You had 9 spell levels left.
You didn't know any spells.
Your spell library contained the following spells:

 Spells                   Type           Power      Damage    Failure   Level
 Scorch                   Fire           8%         2d5       56%         2
 Beastly Appendage        Tmut           0%         N/A       75%         1
 Wereblood                Tmut           0%         N/A       86%         2
 Conjure Flame            Conj/Fire      2%         6-21      91%         3
 Ignite Poison            Fire/Tmut/Pois 1%         N/A       95%         3
 Spider Form              Tmut/Pois      0%         N/A       98%         3
 Sticky Flame             Conj/Fire      2%         2d3       100%        4


Dungeon Overview and Level Annotations

Branches:
Dungeon (5/15)             Temple (0/1) D:4

Altars:
Wu Jian
Xom

Shops:
D:1 [

Annotations:
D:3 3 runed translucent doors, AttackTheMoon's ghost, amateur HuFi; insectpublic's ghost, weakling MiGl; lawman0's ghost, weakling TeWz; robertstho's ghost, amateur DjFE
D:5 1 runed translucent door, AlleluiaPinecone's ghost, novice VSBr


Innate Abilities, Weirdness & Mutations

You are too large for most types of armour.
You have claws for hands.
Your natural rate of healing is unusually fast.
You are covered in fur. (AC +1)
You have tough skin. (AC +1)


Message History

The ogre hits you with a +0 giant club!
You have reached level 8!
There is an open door here.
There is an open door here.
You closely miss the orc. The orc barely misses you.
You scratch the orc.
The orc is heavily wounded.
The orc hits you with a +0 club.
You scratch the orc.
You kill the orc!
You closely miss the hornet. The hornet stings you!
You are poisoned.
You feel yourself slow down. The hornet stings you!
You feel as though you will be slow longer.
You barely miss the hornet.
You feel very sick. The hornet stings you!
* * * LOW HITPOINT WARNING * * *
You feel as though you will be slow longer.
The hornet stings you!
* * * LOW HITPOINT WARNING * * *
You feel as though you will be slow longer.
You scratch the hornet.
The hornet is lightly wounded.
You feel sick. The hornet stings you!
* * * LOW HITPOINT WARNING * * *
You feel as though you will be slow longer.
You block the hornet's attack. The hornet stings you!
* * * LOW HITPOINT WARNING * * *
You feel as though you will be slow longer.
You claw the hornet!
The hornet is heavily wounded.
You feel sick. The hornet stings you.
* * * LOW HITPOINT WARNING * * *
You are lethally poisoned!
You suddenly lose the ability to move!
The hornet stings you.
* * * LOW HITPOINT WARNING * * *
You are more poisoned.
You feel as though you will be slow longer.
You die...

#.... ######....
#########.........
#.).....#.........
#####'#####...........
#.........###.........
#.8..8..8.# #.........
#.........# #.........
##+##@##+## #.........
#..#yS## #.........
#.##OO.## #######...
..# ##...# #### ##.
##..# # +##+##'#
#......# #.....†#
#......#


You could see a hornet, 2 ogres and an adder.

Vanquished Creatures
  Sigmund (D:3)
  An ice beast (D:5)
  2 sky beasts (D:5)
  A black bear (D:5)
  An ogre (D:4)
  A wyvern skeleton (D:5)
  A water moccasin skeleton (D:5)
  A howler monkey (D:5)
  A hound (D:5)
  Terence (D:3)
  An iguana (D:4)
  A scorpion zombie (D:5)
  2 orc wizards (D:4)
  A howler monkey skeleton (D:4)
  4 adders
  4 worms
  12 orcs
  7 endoplasms
  2 giant cockroaches
  5 goblins
  3 hobgoblins
  3 jackals (D:1)
  4 kobolds
  5 quokkas
  A ball python (D:2)
  7 bats
  2 frilled lizards (D:2)
  8 rats
83 creatures vanquished.

Vanquished Creatures (others)
  A plant (D:3)
  4 withered plants
5 creatures vanquished.

Grand Total: 88 creatures vanquished

Notes
Turn   | Place    | Note
-------+----------+-------------------------------------------
     0 | D:1      | lunkers the Troll Cinder Acolyte began the quest for the
                  | Orb.
     0 | D:1      | Reached XP level 1. HP: 22/22 MP: 1/1
    71 | D:1      | Reached XP level 2. HP: 29/29 MP: 2/2
   140 | D:1      | Found a faded altar of an unknown god.
   228 | D:1      | Found Jaoluw's Armour Boutique.
   752 | D:2      | Reached XP level 3. HP: 33/36 MP: 3/3
   791 | D:2      | Reached skill level 4 in Unarmed Combat
  1240 | D:3      | Noticed insectpublic's ghost (weakling MiGl)
  1240 | D:3      | Noticed lawman0's ghost (weakling TeWz)
  1240 | D:3      | Noticed robertstho's ghost (amateur DjFE)
  1240 | D:3      | Noticed AttackTheMoon's ghost (amateur HuFi)
  1240 | D:3      | Found a runed translucent gate.
  1240 | D:3      | Found a runed translucent gate.
  1240 | D:3      | Found a runed translucent gate.
  1368 | D:3      | Reached XP level 4. HP: 45/45 MP: 4/4
  1415 | D:3      | Noticed Sigmund
  1435 | D:3      | Killed Sigmund
  1436 | D:3      | Reached skill level 1 in Shields
  1436 | D:3      | Reached skill level 5 in Unarmed Combat
  1436 | D:3      | Reached XP level 5. HP: 20/53 MP: 5/5
  1852 | D:3      | Noticed Terence
  1856 | D:3      | Killed Terence
  1865 | D:3      | Reached XP level 6. HP: 61/61 MP: 6/6
  2167 | D:4      | Found a staircase to the Ecumenical Temple.
  2705 | D:4      | Reached skill level 6 in Unarmed Combat
  2858 | D:5      | Entered Level 5 of the Dungeon
  2890 | D:5      | Found a shimmering altar of Xom.
  3056 | D:5      | Found an ornate altar of the Wu Jian Council.
  3127 | D:5      | Noticed an ice beast
  3130 | D:5      | Noticed a sky beast
  3141 | D:5      | Reached XP level 7. HP: 42/70 MP: 7/7
  3208 | D:5      | Reached skill level 7 in Unarmed Combat
  3243 | D:5      | Found a runed translucent door.
  3247 | D:5      | Noticed AlleluiaPinecone's ghost (novice VSBr)
  3574 | D:5      | Noticed a hornet
  3575 | D:5      | Reached XP level 8. HP: 65/79 MP: 8/8
  3588 | D:5      | Paralysed by a hornet for 3 turns
  3588 | D:5      | HP: 3/79 [hornet (2)]
  3589 | D:5      | Succumbed to a hornet's poison

Illustrated notes

Levels and vault maps discovered:
D:1:      dpeg_arrival_erosion, layout_loops_ring, serial_shops,
          nicolae_shop_statue_plus, ebering_ecumenical_altar_rust,
          minmay_misc_feat_four_crosses
D:2:      layout_loops_cross
D:3:      layout_loops_ring, gammafunk_ghost_cemetery, wad_woods_river_04,
          uniq_sigmund, uniq_terence
D:4:      layout_loops_corners, temple_green, minmay_misc_feat_plants
D:5:      minmay_chambers_of_threes, layout_basic,
          mainiacjoe_overflow_six_doors_small,
          nicolae_wu_jian_immortal_techniques, gammafunk_ghost_grave

Skill      XL: |  1  2  3  4  5  6  7 |
---------------+----------------------+-----
Unarmed Combat | 4 5 6 7 |  7.4
Fighting       | 3 4 |  4.6
Shields        | 1 2 3 |  3.3
Spellcasting   | |  1.0
Fire Magic     | |  2.1

Action                   |  1- 3 |  4- 6 |  7- 9 || total
-------------------------+-------+-------+-------++-------
Melee: Unarmed           |   122 |    95 |    35 ||   252
       Punch             |     1 |       |       ||     1
Armor: Robe              |    39 |    38 |    11 ||    88
Dodge: Dodged            |    42 |    24 |     5 ||    71
Block: Kite shield       |     2 |    25 |    10 ||    37

Table legend: (Time is in decaauts)
 A = Elapsed time spent in this place.
 B = Non-inter-level travel time spent in this place.
 C = Inter-level travel time spent in this place.
 D = Time resting spent in this place.
 E = Time spent auto-exploring this place.
 F = Levels seen in this place.
 G = Mean time per level.
                   A        B        C        D        E       F      G
               +--------+--------+--------+--------+--------+-----+--------+
         Total |   3611 |   3559 |     52 |      0 |   2894 |   5 |  722.2 |
       Dungeon |   3611 |   3559 |     52 |      0 |   2894 |   5 |  722.2 |
               +--------+--------+--------+--------+--------+-----+--------+

Top non-repeatable levels by time:
     D:4: 878 daAuts
     D:3: 761 daAuts
     D:5: 737 daAuts
     D:1: 625 daAuts
     D:2: 609 daAuts
